 Dungeon Crawl Stone Soup version 0.20-a0-208-g55166f7 (webtiles) character file.

637101 Gleancrawler the Slayer (level 27, 242/242 HPs)
             Began as a Formicid Fighter on Nov 23, 2016.
             Was an Initiate of Gozag.
             Quit the game on level 1 of the Lair of Beasts on Dec 6, 2016.
             The game lasted 04:30:53 (86391 turns).

Gleancrawler the Slayer (Formicid Fighter)         Turns: 86391, Time: 04:30:53

Health: 242/242    AC: 47    Str: 24    XL:     27
Magic:  35/35      EV: 16    Int: 19    God:    Gozag
Gold:   1479       SH: 23    Dex: 16    Spells: 21/26 levels left

rFire  + + .     SeeInvis +     U - +9 battleaxe (vamp)
rCold  + . .     Gourm    .     q - +12 plate armour of Faussuer {MR+ Dex+3}
rNeg   . . .     Faith    .     f - +2 shield of Resistance {rF+ rC+ MR+}
rPois  +         Spirit   .     (helmet unavailable)
rElec  .         Reflect  +     w - +2 cloak "Fawnuok" {*Drain +Fly rF+ Int+3}
rCorr  +         Harm     .     B - +2 pair of gloves {Dex+3}
MR     ++++.                    I - +2 pair of boots {run}
Stlth  ++........               j - +5 amulet of reflection
                                p - +3 ring of protection
                                E - ring of resist corrosion

@: quick
A: permanent stasis, dig shafts and tunnels, four strong arms, antennae 3, dopey
1, poison resistance
}: 4/15 runes: barnacled, slimy, silver, gossamer
a: Dig, Shaft Self, Potion Petition, Call Merchant, Bribe Branch, Renounce
Religion, Evoke Flight


You were on level 1 of the Lair of Beasts.
You worshipped Gozag.
Gozag was most pleased with you.
You were full.

You visited 11 branches of the dungeon, and saw 53 of its levels.
You also visited: Ice Cave.

You collected 31793 gold pieces.
You spent 10269 gold pieces at shops.
You paid 20045 gold pieces to Gozag.

Inventory:

Hand Weapons
 G - a +1 battleaxe of flaming
 L - the +8 battleaxe of Agaorchax {holy, +Inv rC+ Stlth+}
   (You took it off a deep elf mage on level 3 of the Elven Halls)

   It has been blessed by the Shining One to cause great damage to the undead
   and demons.
   It protects you from cold.
   It lets you turn invisible.
   It makes you more stealthy.
 U - a +9 vampiric battleaxe (weapon)
Armour
 f - the +2 shield of Resistance (worn) {rF+ rC+ MR+}
   (You found it on level 5 of the Pits of Slime)

   It protects you from fire.
   It protects you from cold.
   It affects your resistance to hostile enchantments.
 q - the +12 plate armour of Faussuer (worn) {MR+ Dex+3}
   (You bought it in a shop on level 1 of the Lair of Beasts)

   It affects your dexterity (+3).
   It affects your resistance to hostile enchantments.
 w - the +2 cloak "Fawnuok" (worn) {*Drain +Fly rF+ Int+3}
   (You bought it in a shop on level 1 of the Orcish Mines)

   It affects your intelligence (+3).
   It protects you from fire.
   It lets you fly.
   It causes draining when unequipped.
 B - a +2 pair of gloves of dexterity (worn)
 I - a +2 pair of boots of running (worn)
Jewellery
 a - an uncursed ring of positive energy
 j - a +5 amulet of reflection (around neck)
 l - the ring "Teubabot" {Wiz Str+3}
   (You found it on level 5 of the Pits of Slime)

   [ring of wizardry]

   It improves your spell success rate.
   It affects your strength (+3).
 p - a +3 ring of protection (right hand)
 r - the ring "Lishror" {rPois rF+ MR+ Str+4}
   (You took it off a vault sentinel on level 5 of the Vaults)

   [ring of poison resistance]

   It affects your strength (+4).
   It protects you from fire.
   It protects you from poison.
   It affects your resistance to hostile enchantments.
 t - the ring of Jealousy {rPois rC+ Int+9 Stlth+}
   (You bought it in a shop on level 1 of the Orcish Mines)

   [ring of poison resistance]

   It affects your intelligence (+9).
   It protects you from cold.
   It protects you from poison.
   It makes you more stealthy.
 z - the ring "Ukapsoocse" {rC+ Str+2 Dex+4}
   (You found it on level 3 of the Shoals)

   [ring of protection from cold]

   It affects your strength (+2).
   It affects your dexterity (+4).
   It protects you from cold.
 E - a ring of resist corrosion (left hand)
 F - the amulet "Qaitar" {RegenMP *Corrode +Inv rElec Slay+3}
   (You found it on level 5 of the Pits of Slime)

   [amulet of magic regeneration]

   It increases your magic regeneration.
   It affects your accuracy and damage with ranged weapons and melee attacks
   (+3).
   It insulates you from electricity.
   It lets you turn invisible.
   It may corrode you when you take damage.
Wands
 h - a wand of disintegration (7/24)
 Z - a wand of disintegration (13/24)
Scrolls
 b - 3 scrolls of identify
 c - 2 scrolls of brand weapon
 e - 4 scrolls of fear
 g - 13 scrolls of remove curse
 m - a scroll of silence
 n - 9 scrolls of recharging
 o - 3 scrolls of magic mapping
 Q - 3 scrolls of summoning
Potions
 i - 5 potions of ambrosia
 k - a potion of might
 u - 14 potions of curing
 C - 2 potions of heal wounds
 J - 4 potions of flight
Miscellaneous
 D - 2 sacks of spiders
 K - a phial of floods (inert)
 N - a lamp of fire
 O - a fan of gales
 S - 5 boxes of beasts
 X - 3 phantom mirrors
Comestibles
 s - 8 meat rations
 T - 9 bread rations


   Skills:
 - Level 25.0 Fighting
 - Level 24.0 Axes
 - Level 22.4 Armour
 - Level 13.4 Dodging
 - Level 15.2 Stealth
 - Level 18.2 Shields
 + Level 16.9 Evocations


You had 21 spell levels left.
You knew the following spells:

 Your Spells              Type           Power        Failure   Level  Hunger
a - Swiftness             Chrm/Air       #.......     97%         2    ###....
b - Regeneration          Chrm/Necr      #.........   100%        3    ####...


Dungeon Overview and Level Annotations

Branches:
Dungeon (15/15)            Temple (1/1) D:6            Lair (6/6) D:10
 Shoals (4/4) Lair:4       Spider (4/4) Lair:2        Slime (5/5) Lair:5
    Orc (2/2) D:12            Elf (3/3) Orc:2        Vaults (5/5) D:13
  Crypt (3/3) Vaults:2       Tomb (0/3) Crypt:3      Depths (5/5) D:15
    Zot (0/5) Depths:5

Altars:
Cheibriados
Dithmenos
Elyvilon
Fedhas
Gozag
Hepliaklqana
Kikubaaqudgha
Makhleb
Nemelex Xobeh
Okawaru
Qazlal
Ru
Sif Muna
Trog
Uskayaw
Vehumet
Xom
Yredelemnul
Zin
The Shining One

Shops:
D:12 :   Orc:1 *=*}[[   Orc:2 **(*   Lair:1 [   Vaults:2 ?   Vaults:5 (
Depths:5 =**[[=*%[*

Portals:
Hell: Depths:1 Depths:2 Depths:3 Depths:4 Depths:5
Abyss: Depths:1 Depths:3 Depths:4
Pandemonium: Depths:2 Depths:3 Depths:5
Ziggurat: Depths:2

Annotations:
D:3 Edmund
D:8 badrng's ghost, novice HESk
D:11 1 runed door
Shoals:4 Mekire's ghost, adept HECK
Elf:1 exclusion: 4 lightning spires
Elf:2 5 runed doors


Innate Abilities, Weirdness & Mutations

You cannot be hasted, slowed, berserked, paralysed or teleported.
You can dig through walls and to a lower floor.
Your four strong arms can wield two-handed weapons with a shield.
You have a pair of large antennae on your head. (SInv)
You are dopey. (Int -2)
Your system is resistant to poisons. (rPois)


Message History

Saving game... please wait.
Welcome back, Gleancrawler the Formicid Fighter.
Gozag says: Greed is good.
Press ? for a list of commands and other information.
Saving game... please wait.
Welcome back, Gleancrawler the Formicid Fighter.
Gozag says: Greed is good.
Press ? for a list of commands and other information.
Done exploring.
Put on which piece of jewellery? (? for menu, Esc to quit)
Okay, then.
Search for what [? for help]? elf:3 Search for what [Enter for "elf:3", or ? for help]? gold Put on which piece of jewellery? (? for menu, Esc to quit)
Okay, then.
Cast which spell? (? or * to list)
Okay, then.
Search for what [Enter for "gold", or ? for help]? necromut Can't find anything matching that.
Are you sure you want to abandon this character and quit the game? (Confirm with "yes".)

#### #..## #..#
#..# ##..# #...#
#..## ### #...#
#####.# #..##
#∩@∩#.###..#
###:..#.#..#
#[...#...# #
#....#...# ##
#....#...# #.
##....#...#### #.
#............####.
##................
#..####.####.#.###


There were no monsters in sight!

Vanquished Creatures
  An ancient lich (Vaults:5)
  A juggernaut (Depths:2)
  Sojobo (Vaults:2)
  Boris (Vaults:2)
  Saint Roka (Crypt:2)
  3 caustic shrikes
  10 golden dragons
  Bai Suzhen (Spider:4)
  Jory (Vaults:2)
  2 profane servitors (Crypt:3)
  the Enchantress (Depths:1)
  The ghost of FoghornLeghorn the Warrior, a veteran VSBe of Trog (Depths:2)
  7 tentacled monstrosities
  6 liches
  Asterion (Orc:2)
  2 deep elf blademasters (Elf:3)
  20 acid blobs
  4 titans
  2 deep elf master archers (Elf:3)
  9 sphinxes
  8 ancient champions
  2 krakens (Shoals:4)
  Polyphemus (Shoals:4)
  2 quicksilver dragons
  5 shadow dragons
  A draconian monk (Depths:5)
  10 storm dragons
  Roxanne (Shoals:1)
  12 tengu reavers
  4 revenants
  9 azure jellies
  5 fire giants
  Ilsuiw (Shoals:4)
  11 frost giants
  An iron dragon (Elf:1)
  14 vault wardens
  6 ghost moths
  2 curse skulls
  Aizul (Crypt:1)
  A draconian scorcher (Depths:5)
  A juggernaut zombie (Depths:4)
  The ghost of Sharkman1231 the Grappler, a journeyman HOTm of Nemelex Xobeh (Orc:2)
  A balrug (Depths:5)
  An orc warlord (Vaults:3)
  11 ironheart preservers
  6 ghouls
  4 deep elf sorcerers (Elf:3)
  An angel (Depths:2)
  7 emperor scorpions
  5 deep elf elementalists (Elf:3)
  25 stone giants
  4 spriggan defenders
  5 entropy weavers
  20 very ugly things
  10 deep elf demonologists
  8 vampire knights
  A green draconian (Depths:5)
  8 deep elf annihilators (Elf:3)
  8 spark wasps
  2 purple draconians (Depths:5)
  2 yellow draconians (Depths:5)
  2 red draconians (Depths:5)
  14 ettins
  Azrael (D:15)
  5 eidola
  3 death oozes (Slime:5)
  7 merfolk javelineers
  12 jiangshi
  Snorg (Lair:4)
  18 deep elf death magi
  8 fire dragons
  A minotaur (shapeshifter) (D:15)
  15 yaktaur captains
  The ghost of someotherguy6 the Grappler, a journeyman TrMo of Elyvilon (Lair:2)
  7 merfolk impalers
  30 vault guards
  12 ice dragons
  3 deep elf high priests
  13 great orbs of eyes
  7 rakshasas
  10 hydras
  6 merfolk avatars
  A quicksilver dragon skeleton (Crypt:3)
  A ghost crab (shapeshifter) (Elf:3)
  A catoblepas (Shoals:4)
  13 centaur warriors
  5 spriggan air magi
  5 merfolk aquamancers
  7 tengu warriors
  5 death knights
  3 alligator snapping turtles (Shoals:4)
  The ghost of jlc4533 the Slicer, a journeyman KoBe of Trog (D:11)
  4 death yaks (Shoals:4)
  22 ogre magi
  5 satyrs
  2 deep troll shamans
  5 vampire magi
  A hell hog (shapeshifter) (Depths:2)
  4 deep troll earth magi
  2 spriggan berserkers
  Urug (D:13)
  3 orc high priests
  2 shock serpents (Elf:1)
  A sun demon (Depths:5)
  A storm dragon zombie (Crypt:1)
  Nergalle (D:12)
  4 large abominations (Elf:1)
  16 deep elf knights
  15 hell knights
  A soul eater (Depths:5)
  5 shadow wraiths
  35 skeletal warriors
  A fire crab (Lair:6)
  A storm dragon skeleton (Crypt:3)
  A death drake (Elf:1)
  An iron troll (Depths:2)
  12 deep trolls
  16 sea snakes
  An iron giant zombie (Crypt:3)
  2 unseen horrors
  6 flayed ghosts
  4 glowing orange brains
  8 hill giants
  20 deep elf archers
  A lindwurm (shapeshifter) (Vaults:2)
  A tengu zombie (Vaults:4)
  14 ironbrand convokers
  6 wizards
  24 orc knights
  An iron dragon zombie (Crypt:3)
  A golden dragon skeleton (Crypt:1)
  14 harpies
  A mana viper (Elf:1)
  13 necromancers
  16 phantasmal warriors
  3 human zombies
  An orange crystal statue (Depths:1)
  A shining eye (shapeshifter) (Elf:2)
  80 deep elf magi
  41 wolf spiders
  A salamander (shapeshifter) (Vaults:4)
  62 ugly things
  23 fauns
  A faun (shapeshifter) (Vaults:4)
  31 orb spiders
  3 moths of wrath
  A fire giant zombie (Vaults:2)
  2 shadow dragon skeletons
  9 manticores
  6 elephants
  A shining eye (Slime:1)
  2 orc sorcerers
  16 cyclopes
  2 sphinx skeletons (Vaults:2)
  A tengu skeleton (Vaults:2)
  Maurice (D:12)
  A fire giant skeleton (Crypt:2)
  2 worldbinders (Elf:1)
  5 water nymphs
  A frost giant skeleton (Vaults:4)
  A shock serpent zombie (Crypt:2)
  16 vault sentinels
  8 black mambas
  3 guardian serpents (shapeshifter)
  4 stone giant skeletons
  A dire elephant zombie (Crypt:1)
  An eye of devastation (Slime:5)
  2 merfolk sirens
  2 ice statues (Elf:1)
  3 molten gargoyles (Lair:6)
  3 gargoyles
  A shock serpent skeleton (Crypt:3)
  8 spiny frogs
  An orange demon (Depths:5)
  A rime drake (shapeshifter) (Vaults:4)
  3 spectral swamp worms (Depths:3)
  A torpor snail (shapeshifter) (Vaults:5)
  A spiny frog (shapeshifter) (D:13)
  A hellwing (Depths:5)
  An efreet (D:13)
  A pale draconian zombie (Crypt:1)
  12 freezing wraiths
  9 komodo dragons
  54 yaktaurs
  A red draconian skeleton (Crypt:3)
  A guardian mummy (Crypt:3)
  A white draconian skeleton (Crypt:1)
  6 human skeletons
  3 rime drakes
  A green draconian skeleton (Crypt:2)
  A catoblepas skeleton (Crypt:1)
  A red devil (Depths:5)
  46 jumping spiders
  16 demonic crawlers
  4 tengu conjurers
  21 merfolk
  A jumping spider (shapeshifter) (Vaults:3)
  15 hornets
  7 trolls
  9 polar bears
  53 two-headed ogres
  A wolf spider simulacrum (D:14)
  A meliai (shapeshifter) (Depths:2)
  Grinder (D:5)
  A sphinx simulacrum (Vaults:2)
  An ettin zombie (Vaults:4)
  A tengu simulacrum (Depths:4)
  8 wind drakes
  A hydra skeleton (Crypt:1)
  A raiju (Elf:1)
  A minotaur skeleton (Crypt:3)
  A bog body (Crypt:2)
  A fire giant simulacrum (Crypt:3)
  13 snapping turtles
  104 slime creatures
  A stone giant simulacrum (Vaults:1)
  15 hippogriffs
  6 dream sheep
  11 blink frogs
  9 air elementals
  3 spriggans
  5 flying skulls (Crypt:2)
  5 shadows
  A satyr skeleton (Crypt:3)
  47 tarantellas
  7 water elementals
  A fire dragon skeleton (Crypt:3)
  59 redbacks
  A spriggan (shapeshifter) (Vaults:2)
  An ettin skeleton (Vaults:2)
  A yak (shapeshifter) (Elf:1)
  80 yaks
  5 vampires
  9 basilisks
  7 wraiths
  A tyrant leech zombie (Crypt:2)
  Eustachio (D:5)
  5 wyverns
  16 humans (D:13)
  An elf skeleton (Depths:4)
  3 hungry ghosts
  6 fire elementals
  3 golden eyes (Slime:4)
  A hog (Elf:1)
  A steam dragon (Lair:6)
  2 harpy simulacra (Elf:1)
  11 wargs
  2 insubstantial wisps (Elf:1)
  2 acid dragons
  8 hell hounds
  2 hydra simulacra
  9 porcupines
  17 water moccasins
  A floating eye (Depths:2)
  A gelid demonspawn skeleton (Crypt:1)
  A torturous demonspawn skeleton (Crypt:2)
  46 orc warriors
  A dream sheep zombie (Crypt:2)
  A hornet zombie (D:14)
  2 black bears
  A black mamba simulacrum (Elf:1)
  A ghost crab zombie (Crypt:2)
  9 ice beasts
  3 necrophages
  3 eyes of draining
  4 phantoms
  6 sky beasts
  97 ogres
  25 centaurs
  14 boggarts
  23 wolves
  A lindwurm skeleton (Crypt:3)
  The ghost of Speleothing the Caller, an amateur MfSu (D:3)
  8 crocodiles
  4 big kobolds
  3 elf zombies (Elf:1)
  20 bullfrogs
  A torpor snail zombie (Crypt:3)
  A draconian zombie (Crypt:1)
  A cyclops zombie (Crypt:2)
  4 gnoll sergeants
  5 earth elementals
  A wyvern zombie (D:13)
  A wyvern skeleton (D:13)
  A water moccasin skeleton (D:7)
  3 scorpions
  An elephant simulacrum (Elf:1)
  9 killer bees
  An orc simulacrum (Vaults:2)
  3 wights (Crypt:2)
  A vampire bat (Elf:1)
  3 electric eels
  3 howler monkeys
  3 centaur zombies
  A bullfrog zombie (D:5)
  10 crimson imps
  14 hounds
  3 jellies
  5 lava snakes (Lair:6)
  6 bullfrog skeletons
  2 quasits
  Crazy Yiuf (D:7)
  3 centaur skeletons
  25 orc priests
  2 iron imps
  23 orc wizards
  A two-headed ogre skeleton (Crypt:1)
  4 iguanas
  Natasha (thrice) (D:4)
  A troll simulacrum (Elf:1)
  9 worker ants
  A felid zombie (Crypt:2)
  A dwarf skeleton (Crypt:1)
  3 hound skeletons
  12 mummies (Crypt:3)
  A hell rat zombie (Crypt:1)
  27 gnolls
  A swamp drake zombie (Crypt:3)
  6 adders
  2 naga simulacra (Elf:1)
  8 shadow imps
  A swamp drake skeleton (Crypt:3)
  4 white imps
  2 ufetubi
  11 oozes
  3 adder zombies
  3 worms
  2 dart slugs
  8 leopard geckos
  91 orcs
  A ball python (D:1)
  4 bats (D:1)
  4 giant cockroaches
  5 hobgoblins
  5 jackals
  9 quokkas
  4 frilled lizards
  A gnoll skeleton (Crypt:2)
  5 goblins
  24 kobolds
  6 rats
  2 fungi (Lair:4)
  18 plants
  6 tentacles (Shoals:4)
2651 creatures vanquished.

Vanquished Creatures (collateral kills)
  the Royal Jelly (Slime:5)
  Nikola (Spider:2)
  An acid blob (Slime:5)
  Donald (Spider:3)
  2 azure jellies (Slime:5)
  2 very ugly things (Depths:3)
  2 death oozes (Slime:5)
  A fire dragon (Lair:6)
  A great orb of eyes (Slime:5)
  2 spriggan air magi (Depths:3)
  A dancing weapon (Elf:2)
  3 spriggan berserkers (Depths:3)
  A shock serpent (Elf:1)
  An orc knight (Vaults:3)
  An ugly thing (Depths:3)
  5 shining eyes
  A manticore (Shoals:4)
  A salamander (Depths:3)
  2 spectral swamp worms (Depths:3)
  A merfolk (Shoals:4)
  3 slime creatures (Slime:5)
  3 air elementals (Depths:3)
  A steam dragon (Lair:6)
  An orc warrior (Vaults:3)
39 creatures vanquished.

Vanquished Creatures (others)
  A stone giant (Depths:3)
  3 yaktaur captains (Vaults:5)
  A centaur warrior (Depths:2)
  20 dancing weapons
  An ogre mage (Vaults:5)
  A deep troll earth mage (Depths:3)
  A deep elf knight (Elf:1)
  An orb spider (Spider:2)
  2 deep elf magi (Elf:1)
  2 yaktaurs
  A polar bear (IceCv)
  A jumping spider (Spider:3)
  2 tarantellas
  A yak (IceCv)
  2 orc warriors (Orc:1)
  A boggart (Elf:1)
  A ball lightning (Elf:1)
  2 orcs (Vaults:5)
  2 bushes (Lair:3)
  17 fungi
  18 plants
  7 tentacles (Shoals:4)
88 creatures vanquished.

Grand Total: 2778 creatures vanquished

Notes
Turn   | Place    | Note
-------+----------+-------------------------------------------
     0 | D:1      | Gleancrawler the Formicid Fighter began the quest for the Orb.
     0 | D:1      | Reached XP level 1. HP: 18/18 MP: 1/1
   150 | D:1      | Reached XP level 2. HP: 20/24 MP: 2/2
   823 | D:2      | Found a sacrificial altar of Ru.
   825 | D:2      | Reached XP level 3. HP: 28/29 MP: 3/3
  1032 | D:2      | Reached XP level 4. HP: 18/35 MP: 4/4
  1611 | D:2      | Found a burning altar of Makhleb.
  1611 | D:2      | Noticed a green death
  1773 | D:3      | Reached XP level 5. HP: 41/41 MP: 5/5
  1992 | D:3      | Noticed Speleothing's ghost (amateur MfSu)
  2162 | D:3      | Reached skill level 5 in Axes
  2426 | D:3      | Killed Speleothing's ghost
  2426 | D:3      | Reached XP level 6. HP: 39/47 MP: 6/6
  2678 | D:4      | Noticed an ogre
  2710 | D:4      | Noticed Edmund
  2711 | D:4      | Noticed Natasha
  2791 | D:4      | Killed an ogre
  2791 | D:4      | Reached XP level 7. HP: 49/52 MP: 7/7
  2847 | D:4      | Killed Natasha
  3171 | D:4      | Noticed Natasha
  3176 | D:4      | Killed Natasha
  3368 | D:4      | Found a snail-covered altar of Cheibriados.
  3374 | D:4      | Found a hide-covered altar of Uskayaw.
  3379 | D:4      | Found an iron altar of Okawaru.
  3468 | D:4      | Noticed Natasha
  3475 | D:4      | Killed Natasha
  3535 | D:5      | Entered Level 5 of the Dungeon
  4037 | D:5      | Reached XP level 8. HP: 58/58 MP: 8/8
  4053 | D:5      | Found a bloodstained altar of Trog.
  4481 | D:5      | Noticed Grinder
  4487 | D:5      | Killed Grinder
  4487 | D:5      | Reached skill level 10 in Axes
  4510 | D:5      | Noticed Eustachio
  4511 | D:5      | You fall through a shaft for 3 floors!
  4511 | D:8      | Found a stormy altar of Qazlal.
  4511 | D:8      | Noticed a fire elemental
  4511 | D:8      | Noticed a water elemental
  4511 | D:8      | Noticed an air elemental
  4710 | D:8      | Noticed badrng's ghost (novice HESk)
  4813 | D:7      | Reached XP level 9. HP: 64/64 MP: 9/9
  5243 | D:7      | Noticed a hippogriff
  5258 | D:7      | Killed a hippogriff
  6152 | D:5      | Killed Eustachio
  6390 | D:5      | Reached skill level 4 in Fighting
  6390 | D:5      | Reached XP level 10. HP: 52/73 MP: 10/10
  6876 | D:4      | Reached skill level 5 in Fighting
  7087 | D:6      | Found a staircase to the Ecumenical Temple.
  7091 | D:6      | Reached skill level 6 in Fighting
  7213 | D:6      | Reached skill level 7 in Fighting
  7438 | D:6      | Reached skill level 8 in Fighting
  7709 | D:6      | Found a white marble altar of Elyvilon.
  7709 | D:6      | Found a glowing golden altar of the Shining One.
  7709 | D:6      | Found a glowing silver altar of Zin.
  8173 | D:7      | Found a runed door.
  8177 | D:7      | Noticed Crazy Yiuf
  8182 | D:7      | Killed Crazy Yiuf
  8276 | D:7      | Reached skill level 9 in Fighting
  9066 | D:8      | Reached skill level 10 in Fighting
  9401 | D:8      | Reached XP level 11. HP: 69/90 MP: 11/11
  9514 | D:7      | Reached skill level 5 in Armour
  9923 | D:8      | Found a burning altar of Makhleb.
  9927 | D:8      | Found a shimmering altar of Xom.
 11629 | D:10     | Entered Level 10 of the Dungeon
 11688 | D:10     | Noticed an unseen horror
 11700 | D:10     | Killed an unseen horror
 11822 | D:10     | Reached skill level 10 in Armour
 12169 | D:10     | Found a staircase to the Lair.
 12315 | D:10     | Reached skill level 1 in Dodging
 12914 | D:10     | Noticed a hill giant
 12933 | D:10     | Killed a hill giant
 12933 | D:10     | Reached skill level 5 in Shields
 13420 | D:11     | Noticed an unseen horror
 13435 | D:11     | Killed an unseen horror
 13435 | D:11     | Reached XP level 12. HP: 88/97 MP: 12/12
 13600 | D:11     | Noticed jlc4533's ghost (journeyman KoBe)
 13755 | D:11     | Killed jlc4533's ghost
 13842 | D:11     | Found a runed door.
 13842 | D:11     | Noticed a hell hog
 13842 | D:11     | Noticed a stone giant
 13842 | D:11     | Noticed a vampire knight
 13843 | D:11     | Noticed a tengu reaver
 13844 | D:11     | Noticed an orc warlord
 13844 | D:11     | Noticed a deep troll
 13844 | D:11     | Noticed a deep elf high priest
 13844 | D:11     | Noticed a fire dragon
 13978 | Lair:1   | Entered Level 1 of the Lair of Beasts
 14176 | Temple   | Entered the Ecumenical Temple
 14315 | Temple   | Became a worshipper of Gozag Ym Sagoz the Greedy
 15735 | Lair:1   | Noticed a five-headed hydra
 16407 | D:12     | Found an opulent altar of Gozag.
 16839 | D:12     | Noticed Maurice
 16860 | D:12     | Killed Maurice
 17057 | D:12     | Noticed Nergalle
 17089 | D:12     | Killed Nergalle
 17121 | D:12     | Found Biylontoj's Book Shop.
 17167 | D:12     | Found a staircase to the Orcish Mines.
 17448 | D:12     | Reached skill level 15 in Axes
 17612 | D:12     | Reached XP level 13. HP: 91/103 MP: 13/13
 17806 | Orc:1    | Entered Level 1 of the Orcish Mines
 17806 | Orc:1    | Found Vadurgh's General Store.
 18061 | Orc:1    | Found Ohilufeb's Armour Shop.
 18070 | Orc:1    | Found Qaothut's Assorted Antiques.
 18073 | Orc:1    | Found Jeingi's Armour Shoppe.
 18129 | Orc:1    | Bought a fuming white potion for 21 gold pieces
 18142 | Orc:1    | Bought the +2 cloak "Fawnuok" {*Drain +Fly rF+ Int+3} for 469 gold pieces
 18358 | Orc:1    | Found Furideel's Gadget Shoppe.
 18581 | Orc:1    | You fall through a shaft!
 18581 | Orc:2    | Entered Level 2 of the Orcish Mines
 18589 | Orc:2    | Found a frozen archway.
 18598 | IceCv    | Entered an ice cave
 19903 | IceCv    | Reached skill level 11 in Fighting
 20921 | Orc:2    | Found a staircase to the Elven Halls.
 21010 | Orc:2    | Noticed Sharkman1231's ghost (journeyman HOTm)
 21276 | Orc:1    | Bought the ring of Jealousy {rPois rC+ Int+9 Stlth+} for 891 gold pieces
 21591 | D:10     | Killed a five-headed hydra
 22457 | Lair:2   | Noticed someotherguy6's ghost (journeyman TrMo)
 22693 | Lair:2   | Found a hole to the Spider Nest.
 23235 | Lair:3   | Noticed a seven-headed hydra
 24208 | Lair:4   | Found a staircase to the Shoals.
 24218 | Lair:4   | Noticed a six-headed hydra
 24225 | Lair:4   | You fall through a shaft!
 24225 | Lair:5   | Noticed a five-headed hydra
 24225 | Lair:5   | Noticed a four-headed hydra
 24252 | Lair:5   | Found a staircase to the Slime Pits.
 24669 | Lair:4   | Noticed Snorg
 24689 | Lair:4   | Killed Snorg
 24689 | Lair:4   | Reached skill level 1 in Evocations
 24689 | Lair:4   | Reached XP level 14. HP: 114/114 MP: 14/14
 24814 | Lair:3   | Reached skill level 12 in Fighting
 26853 | Lair:5   | Reached skill level 5 in Evocations
 28074 | Lair:6   | Entered Level 6 of the Lair of Beasts
 28315 | Lair:6   | Reached skill level 13 in Fighting
 29237 | Lair:5   | Reached XP level 15. HP: 88/124 MP: 18/20
 29980 | Lair:6   | Found a large runed door.
 29980 | Lair:6   | Found a large runed door.
 30997 | Orc:2    | Killed Sharkman1231's ghost
 31296 | Orc:2    | Reached skill level 14 in Fighting
 31693 | Orc:2    | Found Sots's Assorted Antiques.
 31693 | Orc:2    | Found Gaquen's Antique Weapon Emporium.
 31694 | Orc:2    | Found Ihafiam's General Store.
 31694 | Orc:2    | Found Gushopt's Assorted Antiques.
 31701 | Orc:2    | Bought a scroll labeled ONKEUTOYZE for 20 gold pieces
 31701 | Orc:2    | Bought a potion of curing for 60 gold pieces
 31701 | Orc:2    | Bought a potion of might for 80 gold pieces
 31702 | Orc:2    | Bought a glowing broad axe for 250 gold pieces
 31703 | Orc:2    | Bought a dented beryl amulet for 135 gold pieces
 31703 | Orc:2    | Bought a scroll of identify for 54 gold pieces
 31703 | Orc:2    | Bought a heavily runed bone ring for 135 gold pieces
 31704 | Orc:2    | Bought a bread ration for 65 gold pieces
 31704 | Orc:2    | Bought a beef jerky for 19 gold pieces
 31704 | Orc:2    | Bought a scroll of identify for 26 gold pieces
 31704 | Orc:2    | Bought a scroll of brand weapon for 260 gold pieces
 31704 | Orc:2    | Bought a scroll of fear for 45 gold pieces
 32055 | Orc:2    | Identified the ring of Jyh Gaju {*Corrode rPois Str+9 Dex-5 Stlth+} (You bought it in a shop on level 2 of the Orcish Mines)
 32101 | D:13     | Found a gate to the Vaults.
 32101 | D:13     | Noticed Urug
 32555 | D:13     | Killed Urug
 33045 | D:14     | Reached XP level 16. HP: 110/134 MP: 19/23
 33855 | D:15     | Entered Level 15 of the Dungeon
 34024 | D:15     | Reached skill level 10 in Evocations
 34096 | D:15     | Noticed Azrael
 34121 | D:15     | Killed Azrael
 34267 | D:15     | Reached skill level 15 in Fighting
 35280 | D:15     | Found a staircase to the Depths.
 35409 | Lair:1   | Bought a meat ration for 55 gold pieces
 35409 | Lair:1   | Bought a meat ration for 55 gold pieces
 35409 | Lair:1   | Bought a meat ration for 55 gold pieces
 35409 | Lair:1   | Bought 2 fruits for 33 gold pieces
 35409 | Lair:1   | Bought a bread ration for 55 gold pieces
 35409 | Lair:1   | Bought a meat ration for 55 gold pieces
 35409 | Lair:1   | Bought a meat ration for 55 gold pieces
 35417 | Lair:1   | Bought a pair of runed boots for 409 gold pieces
 35417 | Lair:1   | Bought a faintly humming plate armour for 1092 gold pieces
 35439 | Lair:1   | Identified the +1 plate armour of the Dice {Str+5} (You bought it in a shop on level 1 of the Lair of Beasts)
 35518 | Spider:1 | Entered Level 1 of the Spider Nest
 35925 | Lair:2   | Killed someotherguy6's ghost
 35925 | Lair:2   | Reached skill level 10 in Shields
 37189 | Spider:2 | Got a twitching bronze amulet
 37192 | Spider:2 | Identified the amulet "Zikytebu" {RegenMP +Inv +Fly rC-} (You found it on level 2 of the Spider Nest)
 37282 | Spider:2 | Reached XP level 17. HP: 142/142 MP: 24/24
 37287 | Spider:2 | Noticed Nikola
 37300 | Spider:2 | Killed Nikola
 38981 | Lair:1   | Bought a shimmering plate armour for 1092 gold pieces
 39011 | Lair:1   | Identified the +12 plate armour of Faussuer {MR+ Dex+3} (You bought it in a shop on level 1 of the Lair of Beasts)
 39019 | Lair:1   | Upgraded the game from 0.20-a0-187-ge5586d949a to 0.20-a0-204-ge9bc5e3
 39958 | Spider:3 | Reached skill level 16 in Fighting
 40629 | Spider:3 | Noticed Donald
 40650 | Spider:3 | Killed Donald
 41119 | Spider:4 | Entered Level 4 of the Spider Nest
 41342 | Spider:4 | Reached XP level 18. HP: 51/153 MP: 10/25
 41709 | Spider:4 | Noticed Bai Suzhen
 42440 | Shoals:1 | Entered Level 1 of the Shoals
 42562 | Shoals:1 | Noticed Roxanne
 42953 | Shoals:1 | Killed Roxanne
 42954 | Shoals:1 | Identified Roxanne's Compendium of Moulding (You took it off Roxanne on level 1 of the Shoals)
 44269 | Shoals:3 | Reached skill level 15 in Armour
 44504 | Shoals:3 | Got a flickering wooden ring
 45522 | Shoals:3 | Reached XP level 19. HP: 140/159 MP: 21/26
 45686 | Shoals:4 | Entered Level 4 of the Shoals
 45691 | Shoals:4 | Noticed Polyphemus
 45837 | Shoals:4 | Noticed Ilsuiw
 46624 | Lair:1   | Identified the ring "Ukapsoocse" {rC+ Str+2 Dex+4} (You found it on level 3 of the Shoals)
 46742 | Elf:1    | Entered Level 1 of the Elven Halls
 47110 | Elf:1    | Reached skill level 17 in Fighting
 47281 | Elf:1    | Noticed Asterion
 47377 | Orc:2    | Killed Asterion
 48429 | Elf:1    | Identified the Tome of Evil
 48876 | Elf:1    | Identified the Compendium of Changing
 49148 | Elf:1    | Identified the Incunabulum of Companions
 49505 | Elf:1    | Identified the Compendium of the Frostbite
 49555 | Elf:1    | Reached skill level 18 in Fighting
 49719 | Elf:1    | Identified Vyalaocu's Volume of Poison
 50166 | Elf:1    | Reached XP level 20. HP: 65/170 MP: 13/27
 50402 | Elf:1    | Identified the Grimoire of the Rocks
 50867 | Elf:2    | Found a huge runed gate.
 50867 | Elf:2    | Found a huge runed gate.
 50868 | Elf:2    | Found a huge runed gate.
 50871 | Elf:2    | Found a huge runed gate.
 50874 | Elf:2    | Found a huge runed gate.
 51098 | Elf:3    | Entered Level 3 of the Elven Halls
 51211 | Elf:3    | Reached skill level 5 in Dodging
 51549 | Elf:3    | Got an ichor-stained battleaxe {holy}
 51551 | Elf:3    | Identified the +8 battleaxe of Agaorchax {holy, +Inv rC+ Stlth+} (You took it off a deep elf mage on level 3 of the Elven Halls)
 51696 | Elf:3    | Identified Leh Peroma's Grimoire of Talismans and the Entourage
 52340 | Elf:3    | Reached XP level 21. HP: 176/177 MP: 28/28
 52401 | Elf:3    | Learned a level 2 spell: Swiftness
 52405 | Elf:3    | Learned a level 3 spell: Regeneration
 52563 | Elf:3    | Noticed a Brimstone Fiend
 52637 | Elf:3    | Reached skill level 15 in Shields
 53796 | Spider:4 | Reached skill level 1 in Stealth
 54399 | Spider:4 | Reached skill level 5 in Stealth
 54549 | Spider:4 | Killed Bai Suzhen
 55140 | Spider:4 | Reached skill level 19 in Fighting
 55266 | Spider:4 | Reached skill level 10 in Stealth
 55372 | Spider:4 | Got a gossamer rune of Zot
 55785 | Vaults:1 | Entered Level 1 of the Vaults
 56301 | Vaults:1 | Reached XP level 22. HP: 133/187 MP: 22/29
 57319 | Vaults:2 | Noticed Boris
 57333 | Vaults:2 | Killed Boris
 57333 | Vaults:2 | Reached skill level 20 in Fighting
 57333 | Vaults:2 | Reached skill level 15 in Stealth
 57336 | Vaults:2 | Noticed Jory
 57347 | Vaults:2 | Killed Jory
 57671 | Vaults:2 | Noticed Sojobo
 57704 | Vaults:2 | Killed Sojobo
 58071 | Vaults:2 | Found Vutao's Magic Scroll Boutique.
 58123 | Vaults:2 | Bought a scroll of identify for 40 gold pieces
 58123 | Vaults:2 | Bought a scroll of identify for 40 gold pieces
 58123 | Vaults:2 | Bought a scroll of enchant armour for 150 gold pieces
 58123 | Vaults:2 | Bought 2 scrolls of magic mapping for 140 gold pieces
 58123 | Vaults:2 | Bought a scroll of summoning for 190 gold pieces
 58637 | Vaults:2 | Reached XP level 23. HP: 175/198 MP: 26/30
 58919 | Vaults:2 | Reached skill level 21 in Fighting
 58989 | Vaults:2 | Found a staircase to the Crypt.
 61548 | Vaults:4 | Reached skill level 22 in Fighting
 62221 | Vaults:4 | Reached XP level 24. HP: 205/210 MP: 29/30
 63272 | Crypt:1  | Entered Level 1 of the Crypt
 63377 | Crypt:1  | Noticed Aizul
 63383 | Crypt:1  | Killed Aizul
 64070 | Crypt:2  | Found an ancient bone altar of Kikubaaqudgha.
 64360 | Crypt:2  | Noticed Saint Roka
 64392 | Crypt:2  | Killed Saint Roka
 65148 | Crypt:3  | Entered Level 3 of the Crypt
 66045 | Crypt:3  | Reached XP level 25. HP: 166/218 MP: 30/30
 66274 | Crypt:3  | Reached skill level 10 in Dodging
 66425 | Crypt:3  | Found a staircase to the Tomb.
 66958 | Crypt:3  | Found a basalt altar of Yredelemnul.
 67033 | Crypt:3  | Found an ancient bone altar of Kikubaaqudgha.
 67086 | Crypt:3  | Identified the Catalogue of the Rocks and the Entourage
 67134 | Crypt:3  | Got a faintly glowing plate armour
 67581 | Lair:1   | Identified the +1 plate armour of Relativism {rElec SInv} (You found it on level 3 of the Crypt)
 67821 | Shoals:4 | Killed Polyphemus
 68403 | Shoals:4 | Killed Ilsuiw
 68421 | Shoals:4 | Noticed Mekire's ghost (adept HECK)
 69144 | Shoals:4 | Got a barnacled rune of Zot
 69579 | Depths:1 | Entered Level 1 of the Depths
 69586 | Depths:1 | Found a one-way gate to the infinite horrors of the Abyss.
 69727 | Depths:1 | Found a gateway to Hell.
 69748 | Depths:1 | Noticed the Enchantress
 69810 | Depths:1 | Killed the Enchantress
 69813 | Depths:1 | Got faerie dragon scales
 69814 | Depths:1 | Identified the +3 faerie dragon scales {rElec} (You took it off the Enchantress on level 1 of the Depths)
 70489 | Depths:1 | Reached XP level 26. HP: 227/227 MP: 30/30
 71020 | Depths:2 | Reached skill level 23 in Fighting
 71130 | Depths:2 | Got an ancient battleaxe
 71131 | Depths:2 | Identified the cursed +1 battleaxe of Destruction {chop, rElec rF+} (You found it on level 2 of the Depths)
 71660 | Depths:2 | Found a gateway to a ziggurat.
 71766 | Depths:2 | Noticed a juggernaut
 71975 | Depths:2 | Killed a juggernaut
 72439 | Depths:2 | Found a one-way gate leading to the halls of Pandemonium.
 72449 | Depths:2 | Got a scorched plate armour
 72450 | Depths:2 | Identified the +0 plate armour "Plog" {rElec rN+ Str+3 Dex+2} (You found it on level 2 of the Depths)
 72901 | Depths:2 | Noticed FoghornLeghorn's ghost (veteran VSBe)
 73060 | Depths:2 | Killed FoghornLeghorn's ghost
 73087 | Depths:1 | Identified a +1 rod of ignition (9/9) (You found it on level 1 of the Depths)
 73594 | Depths:3 | Got a twisted battleaxe
 73595 | Depths:3 | Identified the +4 battleaxe of Courage {venom, Str+4} (You found it on level 3 of the Depths)
 73887 | Depths:3 | Reached XP level 27. HP: 225/235 MP: 30/30
 74682 | Depths:4 | Found a sparkling altar of Nemelex Xobeh.
 75528 | Depths:5 | Entered Level 5 of the Depths
 77460 | Depths:5 | Found a gate to the Realm of Zot.
 78139 | Depths:5 | Bought a brightly glowing tin amulet for 180 gold pieces
 78139 | Depths:5 | Identified the amulet "Tiorux" {Inacc rElec Str+5 Dex-2} (You bought it in a shop on level 5 of the Depths)
 78153 | Depths:5 | Bought a +0 pair of boots of running for 567 gold pieces
 78165 | Depths:5 | Bought an emerald potion for 36 gold pieces
 78166 | Depths:5 | Gained mutation: Your system is resistant to poisons. (rPois) [potion of beneficial mutation]
 78168 | Depths:5 | Bought a bread ration for 60 gold pieces
 78168 | Depths:5 | Bought a bread ration for 60 gold pieces
 78168 | Depths:5 | Bought a slice of pizza for 18 gold pieces
 78168 | Depths:5 | Bought a bread ration for 60 gold pieces
 78168 | Depths:5 | Bought a royal jelly for 24 gold pieces
 78168 | Depths:5 | Bought a meat ration for 60 gold pieces
 78168 | Depths:5 | Bought a beef jerky for 18 gold pieces
 78168 | Depths:5 | Bought a bread ration for 60 gold pieces
 78168 | Depths:5 | Bought a beef jerky for 18 gold pieces
 78168 | Depths:5 | Bought a meat ration for 60 gold pieces
 78168 | Depths:5 | Bought a bread ration for 60 gold pieces
 78670 | Vaults:5 | Entered Level 5 of the Vaults
 79294 | Vaults:5 | Noticed an ancient lich
 79305 | Vaults:5 | Reached skill level 24 in Fighting
 79754 | Vaults:5 | Killed an ancient lich
 81722 | Vaults:5 | Got a transparent plate armour
 81770 | Vaults:5 | Got a twitching steel ring
 81924 | Vaults:5 | Got a silver rune of Zot
 81997 | Vaults:5 | Reached skill level 25 in Fighting
 82380 | Vaults:5 | Identified the +2 plate armour "Leumos" {*Corrode +Inv rPois} (You took it off a vault warden on level 5 of the Vaults)
 82382 | Vaults:5 | Identified the ring "Lishror" {rPois rF+ MR+ Str+4} (You took it off a vault sentinel on level 5 of the Vaults)
 82456 | Vaults:5 | Found Xerhu's Antique Weapon Shoppe.
 82471 | Vaults:5 | Got a crude cloak
 83328 | Depths:5 | Bought translucent ice dragon scales for 2535 gold pieces
 83579 | Lair:1   | Identified the +0 ice dragon scales of Indemnity {*Corrode +Inv rF- rC++ Str+3} (You bought it in a shop on level 5 of the Depths)
 83581 | Lair:1   | Identified the cursed +0 cloak of Indecent Exposure {+Inv rElec rF-} (You found it on level 5 of the Vaults)
 83770 | Orc:2    | Bought a scroll of enchant weapon for 202 gold pieces
 83977 | Depths:5 | Bought a potion of heal wounds for 205 gold pieces
 84305 | Slime:1  | Entered Level 1 of the Pits of Slime
 84470 | Slime:3  | Gained mutation: You are dopey. (Int -2) [a shining eye]
 84556 | Slime:4  | Reached skill level 15 in Evocations
 85317 | Slime:5  | Entered Level 5 of the Pits of Slime
 85492 | Slime:5  | Noticed the Royal Jelly
 85512 | Slime:5  | Killed the Royal Jelly
 85636 | Slime:5  | Got a fine copper ring
 85693 | Slime:5  | Got a scorched silver amulet
 85694 | Slime:5  | Identified the amulet "Qaitar" {RegenMP *Corrode +Inv rElec Slay+3} (You found it on level 5 of the Pits of Slime)
 85695 | Slime:5  | Identified the ring "Teubabot" {Wiz Str+3} (You found it on level 5 of the Pits of Slime)
 85739 | Slime:5  | Identified the Reference Book on the Torrid Snowflakes
 85767 | Slime:5  | Got a twitching jade ring
 85768 | Slime:5  | Identified the ring "Ohonkor" {rF- rN+ Str+4 SInv Stlth+} (You found it on level 5 of the Pits of Slime)
 85773 | Slime:5  | Got a slimy rune of Zot
 86391 | Lair:1   | Upgraded the game from 0.20-a0-204-ge9bc5e3 to 0.20-a0-208-g55166f7
 86391 | Lair:1   | Quit the game

Vault maps used:
D:1:      minmay_arrival_plants_in_alcoves, grunt_decor_cap,
          minmay_split_cup_large
D:2:      old_standard_altar, first_bread, makhleb_altar_promises_db
D:4:      minitemple, uniq_natasha, uniq_edmund
D:5:      basic_altar, uniq_grinder, uniq_eustachio
D:6:      good_gods_mini_temple
D:7:      uniq_crazy_yiuf_cottage
D:8:      grunt_temple_overflow_champion_of_chaos,
          nicolae_qazlal_style_of_elements
D:10:     erik_lair_island
D:11:     minmay_gate_of_8
D:12:     david_orc_3, basic_altar, serial_shops, nicolae_shop_waterfront,
          uniq_nergalle, uniq_maurice
D:13:     david_vaults_3
D:14:     minivault_26
D:15:     grunt_enter_depths_hoard, minmay_misc_feat_secret_circle,
          minmay_misc_feat_iff, uniq_azrael
Temple:   minmay_temple_curvy_loop
Lair:1:   grunt_megastairs_2
Lair:2:   spider_nest_entry_web_field, minivault_19, lemuel_fruit_fields,
          grunt_megastairs_5
Lair:3:   minmay_hedge_maze
Lair:4:   dragon1_lemuel, minmay_shoals_entry_hut, serial_bayou_shore_b,
          lemuel_fruit_tree, lemuel_fruit_fields, uniq_snorg
Lair:5:   nicolae_slime_entry_slimehenge
Lair:6:   cheibrodos_lair_end_hotspot
Shoals:1: uniq_roxanne
Shoals:2: st_cyclops
Shoals:4: shoals_end_simple, shoals_ilsuiw_ice, uniq_polyphemus
Spider:2: nicolae_spider_cling_halls, uniq_nikola
Spider:3: spider_trap, nicolae_spider_webs_and_nodes,
          spiders_nest_ghost_moth_duel, uniq_donald
Spider:4: guppyfry_spider_rune, uniq_bai_suzhen
Slime:3:  nicolae_slime_welcoming_committee
Slime:4:  nicolae_slime_phagocytosis
Orc:1:    serial_shops, nicolae_shop_competitors_out_of_business, shop,
          nicolae_shop_temple_entry_statues_fountains, nicolae_shop_statue_plus,
          shop, nicolae_orc_tapped_out
Orc:2:    st_orc_ogre_mass, portal_ice_cave_entry_pillars_1
Elf:1:    elf_arrival_002, serial_hangedman_research,
          hangedman_research_geology, hangedman_research_electronics,
          hangedman_research_metamorphosis, hangedman_research_toxicology,
          hangedman_research_thermodynamics, hangedman_research_convocations,
          minmay_elf_necromancy, grunt_ministairs_8, hex_medium, st_stairs_3,
          minmay_misc_feat_alley, lemuel_flamethrower_2, uniq_asterion
Elf:3:    grunt_elf_hall_branching
Vaults:1: hangedman_vaults_corner_blocks, nicolae_vaults_disjoint_gnomons,
          hangedman_vaults_corner_blocks, v_rooms_3, v_misc_13,
          grunt_vaults_trifunnel, dpeg_vaults_monster_row,
          nicolae_vaults_little_squares_6,
          nicolae_vaults_windows_and_doors_thing, hangedman_vaults_slice,
          nicolae_vaults_shelves_hall, ontoclasm_vaults_decontamination
Vaults:2: v_misc_13, vaults_standard_mumra_enter_the_diamond,
          hangedman_vaults_trim, vaults_mumra_minichess_inversion,
          v_alt_pattern_2, v_misc_29, ontoclasm_vaults_fault,
          nicolae_vaults_three_branches, vaults_room_semicircle, v_misc_13,
          minmay_crypt_entry_skeletal_spiral, serial_shops, shop_fountains,
          uniq_jory, uniq_boris, uniq_sojobo
Vaults:3: hangedman_vaults_hat, ontoclasm_vaults_hangar, vaults_mumra_hexcomb,
          special_room_vaults, vaults_room_semicircle, hangedman_vaults_pinch,
          hangedman_vaults_nails, v_alt_pattern_2, ontoclasm_vaults_spin,
          ontoclasm_vaults_hangar
Vaults:4: vaults_standard_mumra_enter_the_diamond, v_rooms_6, v_pattern_3
Crypt:1:  uniq_aizul
Crypt:2:  basic_altar, minivault_26, uniq_saint_roka
Crypt:3:  lightli_unholy_cathedral, nicolae_tomb_entry_unfolded_pyramid_diagonal
Depths:1: abyss_entry, grunt_decor_mini_mirrors, hangedman_coc_ice_floe,
          st_stairs_1, minmay_protected_statue, firewood_loft, uniq_enchantress
Depths:2: hourglass_vault, enter_ziggurat_f, hell_entry, rand_demon_pan_entry_9,
          infiniplex_staircase_9_rooms, serial_bayou_shore_b
Depths:3: minmay_fractal_lines_corner, rand_demon_pan_entry_5,
          pf_hell_entry_tar_river, abyss_entry, infiniplex_staircase_squiggle
Depths:4: nicolae_legendary_halls, hell_entry, abyss_entry, basic_altar,
          grunt_ministairs_15, hangedman_abyss_or_decor_lesser_grid
Depths:5: grunt_zot_entry_gee_three, kennysheep_pointless_box, hell_entry,
          grunt_pan_entry_spiral, serial_bayou_crossing
IceCv:    ice_cave_caverns_02

Skill      XL: |  1  2  3  4  5  6  7  8  9 10 11 12 13 14 15 16 17 18 19 20 21 22 23 24 25 26 27 |
---------------+----------------------------------------------------------------------------------+-----
Axes           | 3 4 6 7 8 10 12 15 16 17 18 19 20 21 22 24 | 24.0
Fighting       | 4 10 11 13 14 15 16 18 19 20 22 23 25 | 25.0
Armour         | 4 10 11 13 15 16 18 19 21 22 | 22.4
Dodging        | 2 4 7 9 12 13 | 13.4
Shields        | 6 8 11 14 15 17 18 | 18.2
Evocations     | 1 6 9 10 16 | 16.9
Stealth        | 12 15 | 15.2

Action                   |  1- 3 |  4- 6 |  7- 9 | 10-12 | 13-15 | 16-18 | 19-21 | 22-24 | 25-27 || total
-------------------------+-------+-------+-------+-------+-------+-------+-------+-------+-------++-------
Melee: War axe           |    79 |   135 |   376 |  1067 |   870 |       |       |       |       ||  2527
       Dagger            |       |       |       |   232 |       |       |       |       |       ||   232
       Trident           |       |       |       |       |   874 |       |       |       |       ||   874
       Broad axe         |       |       |       |       |   230 |  1630 |   423 |       |       ||  2283
       Battleaxe         |       |       |       |       |   181 |       |  1262 |  1613 |  2904 ||  5960
 Fire: Blowgun           |       |       |    25 |     7 |       |       |       |       |       ||    32
Throw: Throwing net      |       |     1 |       |       |     1 |       |       |       |       ||     2
       Javelin           |       |       |       |       |     1 |       |       |       |       ||     1
Invok: Potion Petition   |       |       |       |     1 |       |       |       |       |       ||     1
       Call Merchant     |       |       |       |       |     1 |     2 |       |       |    10 ||    13
 Abil: Dig               |       |     1 |     4 |    12 |    17 |    15 |    12 |       |    13 ||    74
       Evoke Flight      |       |       |       |       |     3 |     6 |     6 |       |    11 ||    26
       Stop Flying       |       |       |       |       |     1 |       |     1 |       |       ||     2
       Shaft Self        |       |       |       |       |     1 |       |       |       |       ||     1
Evoke: Wand              |       |       |       |    22 |    30 |    28 |    14 |     2 |       ||    96
       Sack of spiders   |       |       |       |       |     2 |     1 |       |       |     5 ||     8
       Phial of floods   |       |       |       |       |     1 |     2 |     4 |       |     3 ||    10
       Box of beasts     |       |       |       |       |       |     1 |     4 |       |     3 ||     8
       Phantom mirror    |       |       |       |       |       |       |       |       |     1 ||     1
  Use: Potion            |       |     1 |     2 |     2 |     6 |     7 |     7 |     2 |    21 ||    48
       Scroll            |       |       |    12 |     8 |     9 |    11 |     9 |     6 |    33 ||    88
 Stab: Held in net/web   |       |     1 |       |       |     2 |       |       |       |       ||     3
       Paralysed         |       |       |       |    29 |    19 |    11 |       |       |       ||    59
       Invisible         |       |       |       |     3 |     9 |       |     1 |       |       ||    13
       Distracted        |       |       |       |     1 |     7 |     6 |     8 |    21 |    37 ||    80
       Confused          |       |       |       |       |     7 |     3 |    11 |       |       ||    21
       Sleeping          |       |       |       |       |       |       |     5 |    25 |    25 ||    55
  Eat: Chunk             |     1 |     5 |    13 |    28 |       |       |       |       |       ||    47
       Fruit             |       |       |       |     2 |    11 |     2 |     2 |       |    13 ||    30
       Pizza             |       |       |       |     3 |     1 |       |       |     1 |     3 ||     8
       Beef jerky        |       |       |       |     3 |     2 |     4 |     1 |     1 |     7 ||    18
       Bread ration      |       |       |       |     1 |     5 |     3 |     4 |     4 |     8 ||    25
       Meat ration       |       |       |       |       |     4 |     4 |     3 |     2 |     3 ||    16
       Royal jelly       |       |       |       |       |       |       |     1 |     1 |     1 ||     3
Armor: Scale mail        |    27 |    46 |    65 |       |       |       |       |       |       ||   138
       Chain mail        |       |       |    83 |   199 |       |       |       |       |       ||   282
       Plate armour      |       |       |       |   441 |   859 |   901 |   725 |   457 |  1135 ||  4518
Dodge: Dodged            |    33 |    42 |    73 |   231 |   430 |   492 |   332 |   256 |   836 ||  2725
Block: Shield            |    60 |    55 |   150 |   560 |   738 |  1044 |   828 |   761 |  1889 ||  6085
       Reflection        |       |       |       |       |       |       |       |       |    84 ||    84
